 Dungeon Crawl Stone Soup version 0.25-a0-737-g26c3a87c45 (webtiles) character file.

Game seed: 16189657809170395594, levelgen mode: deterministic

224 ReteAZ the Magician (level 5, -1/35 HPs)
             Began as a Mummy Wizard on Apr 12, 2020.
             Slain by Grinder (6 damage)
             ... on level 3 of the Dungeon.
             The game lasted 00:05:55 (2820 turns).

ReteAZ the Magician (Mummy Wizard)                  Turns: 2820, Time: 00:05:56

Health: -1/35      AC:  3    Str: 11    XL:     5   Next: 67%
Magic:  5/12       EV: 12    Int: 18    God:
Gold:   36         SH:  0    Dex: 10    Spells: 11/14 levels left

rFire    x . .     SeeInvis .   g - +2 whip (venom)
rCold    + . .     Gourm    .   (no shield)
rNeg     + + +     Faith    .   a - +0 robe
rPois    ∞         Spirit   .   b - +0 hat
rElec    .         Reflect  .   i - +0 cloak
rCorr    .         Harm     .   (no gloves)
MR       .....                  (no boots)
Stlth    ++........             (no amulet)
HPRegen  0.11/turn              (no ring)
MPRegen  0.13/turn              (no ring)

@: no status effects
A: no food or potions, fire vulnerability, cold resistance 1, negative energy
resistance 3, torment resistance, unbreathing
a: no special abilities


You were on level 3 of the Dungeon.
You were not hungry.

You visited 1 branch of the dungeon, and saw 3 of its levels.

You collected 36 gold pieces.

Inventory:

Hand Weapons
 c - a +2 whip of holy wrath
 e - a +0 hand axe
 g - a +2 whip of venom (weapon)
Missiles
 f - 30 poisoned darts (quivered)
Armour
 a - a +0 robe (worn)
 b - a +0 hat (worn)
 i - a +0 cloak (worn)
Jewellery
 j - a cursed ring of attention {unknown}
Scrolls
 h - 2 scrolls of identify {unknown}


   Skills:
 - Level 1.5 Dodging
 - Level 1.5 Stealth
 + Level 5.2 Spellcasting
 * Level 3.4 Conjurations
 + Level 2.1 Summonings
   Level 0.7 Translocations


You had 11 spell levels left.
You knew the following spells:

 Your Spells              Type           Power        Failure   Level  Hunger
a - Magic Dart            Conj           ###.         3%          1    N/A
b - Call Imp              Summ           ##......     9%          2    N/A

Your spell library contained the following spells:

 Spells                   Type           Power        Failure   Level  Hunger
 Blink                    Tloc           N/A          14%         2    N/A
 Conjure Flame            Conj/Fire      ##......     19%         3    N/A
 Slow                     Hex            #.......     21%         2    N/A
 Mephitic Cloud           Conj/Pois/Air  #.......     24%         3    N/A

Dungeon Overview and Level Annotations

Branches:
Dungeon (3/15)

Altars:
Ashenzari
Cheibriados
Ru
Trog
Vehumet
Xom
The Shining One

Annotations:
D:3 Grinder


Innate Abilities, Weirdness & Mutations

You do not eat or drink.
Your flesh is vulnerable to fire.
You are immune to poison.
Your flesh is cold resistant. (rC+)
You are immune to negative energy. (rN+++)
You are immune to unholy pain and torment.
You can survive without breathing.


Message History

The jackal completely misses you.
Your crimson imp hits the frilled lizard.
The frilled lizard dies!
Your crimson imp blinks!
Grinder gestures at you.
You suddenly lose the ability to move!
The jackal bites you.
* * * LOW HITPOINT WARNING * * *
The jackal bites you.
* * * LOW HITPOINT WARNING * * *
Grinder barely misses you.
You can move again.
Unknown command.
Unknown command.
You closely miss Grinder.
Grinder is severely wounded.
Your crimson imp hits the jackal.
The jackal barely misses you.
Your crimson imp blinks!
Grinder hits you.
You die...

##.## .. #...# #. ##.##
#.#### #.# #.$..# ###.#
#..#.###...### ####
##5.%#.......##...
###...##....._...>#
.######...5@......†.....# #
....?.#.#.h##._..⌠......##..
#....5.##..............#
###...§##......_.....###
#....##........#......
#.†.w...##....<..#.##
##...#####....#.##.# #...#
##...#.# #...# #......


You could see Grinder, a worm, a jackal and 2 friendly crimson imps.

Vanquished Creatures
  A worker ant (D:3)
  3 adders (D:2)
  3 worms (D:2)
  A dart slug (D:1)
  A leopard gecko (D:1)
  9 bats
  A giant cockroach (D:2)
  5 goblins
  3 hobgoblins
  3 jackals (D:2)
  9 kobolds
  A quokka (D:2)
  2 ball pythons
  3 frilled lizards
  11 rats
56 creatures vanquished.

Vanquished Creatures (collateral kills)
  Sigmund (D:2)
  2 jackals (D:3)
  A frilled lizard (D:3)
4 creatures vanquished.

Grand Total: 60 creatures vanquished

Notes
Turn   | Place    | Note
-------+----------+-------------------------------------------
     0 | D:1      | ReteAZ the Mummy Wizard began the quest for the Orb.
     0 | D:1      | Reached XP level 1. HP: 13/13 MP: 5/5
   170 | D:1      | Reached skill level 1 in Conjurations
   444 | D:1      | Reached XP level 2. HP: 5/19 MP: 0/7
   808 | D:1      | Learned a level 2 spell: Call Imp
  1118 | D:2      | Found a glowing golden altar of the Shining One.
  1121 | D:2      | Found a shimmering altar of Xom.
  1136 | D:2      | Reached skill level 1 in Summonings
  1136 | D:2      | Reached XP level 3. HP: 22/24 MP: 4/8
  1660 | D:2      | Noticed Sigmund
  1662 | D:2      | Reached XP level 4. HP: 18/30 MP: 0/10
  1907 | D:2      | Killed Sigmund
  1907 | D:2      | Reached skill level 5 in Spellcasting
  1907 | D:2      | Reached XP level 5. HP: 15/35 MP: 2/12
  2114 | D:2      | Found a sacrificial altar of Ru.
  2345 | D:2      | Noticed a moth of wrath
  2433 | D:2      | Found a bloodstained altar of Trog.
  2691 | D:3      | Found a faded altar of an unknown god.
  2710 | D:3      | Found a shattered altar of Ashenzari.
  2713 | D:3      | Found a snail-covered altar of Cheibriados.
  2714 | D:3      | Found a radiant altar of Vehumet.
  2786 | D:3      | Noticed Grinder
  2787 | D:3      | Paralysed by Grinder for 6 turns
  2811 | D:3      | Paralysed by Grinder for 2 turns
  2818 | D:3      | Paralysed by Grinder for 2 turns
  2820 | D:3      | Slain by Grinder

Levels and vault maps discovered:
D:1:      ncdulo_watergridlock, layout_rooms
D:2:      minmay_skewed_foursquare, layout_loops_cross,
          nicolae_overflow_hidden_temple, tgw_trog, lemuel_crystal_altar,
          uniq_sigmund
D:3:      layout_loops_cross, grunt_temple_overflow_open,
          chequers_ecumenical_altar_simple_redux, minmay_misc_feat_encased,
          uniq_grinder

Skill      XL: |  1  2  3  4 |
---------------+-------------+-----
Conjurations   | 1 2 3 |  3.4
Summonings     | 1 2 |  2.1
Spellcasting   | 5 |  5.2
Dodging        | |  1.5
Stealth        | |  1.5
Translocations | |  0.7

Action                   |  1- 3 |  4- 6 || total
-------------------------+-------+-------++-------
Melee: Unarmed           |    15 |       ||    15
       Whip              |    25 |    20 ||    45
 Cast: Magic Dart        |    77 |    55 ||   132
       Call Imp          |       |     8 ||     8
  Use: Scroll            |       |     2 ||     2
Armor: Robe              |    10 |     3 ||    13
Dodge: Dodged            |    35 |    25 ||    60

Table legend:
 A = Non-vault XP
 B = Vault XP
 C = Vault XP percentage of total XP
 D = Non-vault monster count
 E = Vault monster count
 F = Vault count percentage of total count
                 A         B        C        D         E       F
            +---------+---------+-------+---------+---------+-------
      Total |     149 |     172 |  53.6 |      45 |      15 |  25.0
            +---------+---------+-------+---------+---------+-------
        D:1 |      35 |       0 |   0.0 |      18 |       0 |   0.0
        D:2 |      76 |     172 |  69.4 |      22 |      15 |  40.5
        D:3 |      38 |       0 |   0.0 |       5 |       0 |   0.0
            +---------+---------+-------+---------+---------+-------
